Heat vs Admirals NSH

Created - Wednesday, March 11, 2015 at 01:15

Goals
1 2 3 T
Heat 2 3 2 7
Admirals NSH 0 0 0 0
Shots
1 2 3 T
Heat 10 11 7 28
Admirals NSH 1 10 1 12

1st period

1. Heat , Sven Baertschi 36 (Saku Koivu, Tomas Fleischmann) at 9:23 (PP)
2. Heat , Johan Larsson 7 (Tyson Strachan, Ryan Murphy) at 19:30

Penalties :
Cameron Schilling (MIL) for Charging (Minor) at 7:41, Pierre-Cedric Labrie (MIL) for High sticking (Minor) at 15:20

2nd period

3. Heat , Stephane Veilleux 9 (Radek Dvorak, Max Reinhart) at 7:58
4. Heat , Tomas Fleischmann 28 (Saku Koivu, Ryan Murphy) at 8:26
5. Heat , Saku Koivu 19 (Tomas Fleischmann, Ryan Murphy) at 13:46

Penalties :
Tyson Strachan (ABB) for Hooking (Minor) at 1:16, Nikita Nesterov (MIL) for Holding (Minor) at 14:30

3rd period

6. Heat , Nikita Kucherov 18 (J.T. Miller, Johan Larsson) at 13:05 (PP)
7. Heat , Tyson Strachan 18 (J.T. Miller, Ryan Murphy) at 15:15 (PP)

Penalties :
Frazer McLaren (MIL) for Hooking (Minor) at 1:24, Frazer McLaren (MIL) for Roughing (Minor) at 3:59, Mike Blunden (MIL) for High sticking (Minor) at 12:40, Fredrik Claesson (MIL) for Interference (Minor) at 15:10, Frazer McLaren (MIL) for Fighting (Major) at 17:08, Tim Jackman (ABB) for Fighting (Major) at 17:08

Goalie Stats

Tomas Vokoun (ABB), 12 saves from 12 shots - (1.000), W, 37-13-8, 60:00 minutes
Johan Gustafsson (MIL), 12 saves from 16 shots - (0.750), L, 21-48-7, 28:26 minutes
Jeremy Smith (MIL), 9 saves from 12 shots - (0.750), 31:34 minutes

Players Stats for Heat

Player Name              G  A  P  +/- PIM S  H  SB GA TA FO     MP     PP MP  PK MP  
------------------------------------------------------------------------------------
Corey Potter             0  0  0   1  0   0  1  1  0  1  0/0    24:26   5:45   1:20 
Eric Boulton             0  0  0   0  0   1  1  0  0  1  0/0     8:45   0:00   0:00 
J.T. Miller              0  2  2   1  0   1  1  0  2  0  0/2    18:23   4:27   0:00 
Johan Larsson            1  1  2   1  0   1  3  0  0  0  7/14   18:23   4:27   0:00 
Matt Carkner             0  0  0   0  0   0  1  2  0  0  0/0    13:53   0:00   0:39 
Matt Ellis               0  0  0   0  0   2  0  0  0  0  2/4     9:47   0:00   1:02 
Max Reinhart             0  1  1   1  0   1  2  0  1  0  0/3    12:21   0:00   0:57 
Mike Komisarek           0  0  0   0  0   0  1  0  0  0  0/0    13:14   0:00   0:00 
Nikita Kucherov          1  0  1   1  0   1  1  0  4  0  0/2    16:26   4:22   0:00 
Radek Dvorak             0  1  1   1  0   1  0  0  2  0  0/0    11:38   0:00   0:57 
Ryan Murphy              0  4  4   3  0   2  1  0  0  1  0/0    21:06   4:23   1:20 
Saku Koivu               1  2  3   2  0   5  1  1  1  2  7/16   20:11   5:41   0:00 
Sami Vatanen             0  0  0   1  0   1  1  0  2  1  0/0    25:39   5:45   0:39 
Stephane Veilleux        1  0  1   1  0   1  1  0  2  0  0/0    13:04   0:00   1:02 
Sven Baertschi           1  0  1   2  0   2  1  0  4  0  0/0    20:16   5:46   0:00 
Tim Jackman              0  0  0   0  5   3  0  0  0  0  0/1     8:01   0:00   0:00 
Tomas Fleischmann        1  2  3   2  0   2  0  2  6  0  0/0    20:11   5:41   0:00 
Tyson Strachan           1  1  2   3  2   4  1  1  0  1  0/0    22:10   4:23   0:00 

Players Stats for Admirals NSH

Player Name              G  A  P  +/- PIM S  H  SB GA TA FO     MP     PP MP  PK MP  
------------------------------------------------------------------------------------
Adam Cracknell           0  0  0  -2  0   2  2  1  3  3  3/4    20:52   1:04   4:27 
Brody Sutter             0  0  0  -1  0   0  5  0  3  0  7/12   24:59   0:55   2:52 
Cameron Schilling        0  0  0  -1  2   0  0  1  0  2  0/0    18:13   1:03   4:31 
Corey Tropp              0  0  0   0  0   0  0  0  0  0  0/0     2:10   0:00   0:00 
Dylan Olsen              0  0  0   0  0   0  0  0  0  0  0/0     0:00   0:00   0:00 
Farm Player70            0  0  0  -2  0   0  1  0  0  0  0/2    16:04   0:00   2:10 
Frazer McLaren           0  0  0  -1  9   0  3  0  0  0  0/1    18:41   1:04   1:42 
Frederic St. Denis       0  0  0  -1  0   0  0  0  0  0  0/0     3:48   0:00   0:11 
Fredrik Claesson         0  0  0   0  2   1  2  1  0  3  0/0    30:32   0:56   5:28 
Jamie Tardif             0  0  0  -1  0   3  2  0  1  0  4/5    24:02   0:55   5:22 
Jyrki Jokipakka          0  0  0   0  0   0  1  1  0  1  0/0    20:48   0:56   4:24 
Lane MacDermid           0  0  0   0  0   0  0  0  0  0  0/0     0:00   0:00   0:00 
Marcel Noebels           0  0  0  -2  0   0  1  0  0  0  0/0    15:48   0:00   0:09 
Mike Blunden             0  0  0  -2  2   2  2  2  1  0  9/14   25:39   1:04   4:21 
Nikita Nesterov          0  0  0  -3  2   0  0  1  0  1  0/0    17:20   0:00   0:00 
Patrick Mullen           0  0  0  -3  0   1  1  3  1  1  0/0    28:16   1:03   4:55 
Pierre-Cedric Labrie     0  0  0  -1  2   2  4  0  4  3  1/1    19:46   0:55   0:00 
Wade Megan               0  0  0   0  0   1  0  0  0  0  2/3     2:41   0:00   0:00 

3 Stars

1 - Ryan Murphy (ABB)
2 - Saku Koivu (ABB)
3 - Tomas Fleischmann (ABB)

Power Play

Heat - 3 on 7 Attempt(s) - 42.86%
Admirals NSH - 0 on 1 Attempt(s) - 0.00%

Penalty Kill

Heat - 1 on 1 Attempt(s) - 100.00% - Score 0 goal in Penalty Kill
Admirals NSH - 4 on 7 Attempt(s) - 57.14% - Score 0 goal in Penalty Kill

Team Stat

Heat - Hits : 17 - Faceoff Wins : 16 - Blocked Shots : 7 - Penalty Minutes : 7
Admirals NSH - Hits : 24 - Faceoff Wins : 26 - Blocked Shots : 10 - Penalty Minutes : 19

Official

Referees : Unknown
Linesman : Unknown

Game Notes

Jeremy Smith enters game at 8:26 of 2nd period
Nikita Kucherov is injured at 14:31 of 3rd period (Right Hip)
Tim Jackman beats up Frazer McLaren at 17:08 of 3rd period

Finance

Level 1 -- Attendance: 1366 (68.30%) -- Ticket Income $47,810
Level 2 -- Attendance: 677 (67.70%) -- Ticket Income $10,155
Total Attendance: 2043 (68.10%)
Total Ticket Income: $57,965
Other Income: $28,403
Total Income: $86,368

Heat

5 vs 5 Forward 
   Center                   Left Wing                Right Wing               Time % Phy DF OF 
 1 Saku Koivu               Sven Baertschi           Tomas Fleischmann        34     1   2  2  
 2 Johan Larsson            J.T. Miller              Nikita Kucherov          30     1   2  2  
 3 Max Reinhart             Stephane Veilleux        Radek Dvorak             24     1   2  2  
 4 Matt Ellis               Eric Boulton             Tim Jackman              12     1   2  2  

5 vs 5 Defense 
   Defense                  Defense                                           Time % Phy DF OF 
 1 Corey Potter             Sami Vatanen                                      35     1   2  2  
 2 Tyson Strachan           Ryan Murphy                                       30     1   2  2  
 3 Mike Komisarek           Matt Carkner                                      25     1   2  2  
 4 Sami Vatanen             Tyson Strachan                                    10     1   2  2  

PowerPlay Forward 
   Center                   Left Wing                Right Wing               Time % Phy DF OF 
 1 Saku Koivu               Sven Baertschi           Tomas Fleischmann        50     0   0  5  
 2 Johan Larsson            J.T. Miller              Nikita Kucherov          50     0   0  5  

PowerPlay Defense
   Defense                  Defense                                           Time % Phy DF OF 
 1 Corey Potter             Sami Vatanen                                      50     0   1  4  
 2 Tyson Strachan           Ryan Murphy                                       50     0   1  4  

Penalty Kill 4 Players Forward 
   Center                   Wing                     Time % Phy DF OF 
 1 Max Reinhart             Radek Dvorak             50     0   5  0  
 2 Matt Ellis               Stephane Veilleux        50     0   5  0  

Penalty Kill 4 Players Defense
   Defense                  Defense                  Time % Phy DF OF 
 1 Ryan Murphy              Corey Potter             50     0   5  0  
 2 Tyson Strachan           Matt Carkner             50     0   5  0  

Penalty Kill - 3 Players Forward 
   Forward                                           Time % Phy DF OF 
 1 Max Reinhart                                      50     0   5  0  
 2 Matt Ellis                                        50     0   5  0  

Penalty Kill - 3 Players Defense
   Defense                  Defense                  Time % Phy DF OF 
 1 Sami Vatanen             Corey Potter             50     0   5  0  
 2 Tyson Strachan           Matt Carkner             50     0   5  0  

4 vs 4 Forward 
   Center                   Wing                     Time % Phy DF OF 
 1 Saku Koivu               Tomas Fleischmann        50     1   2  2  
 2 Johan Larsson            Sven Baertschi           50     1   2  2  

4 vs 4 Defense
   Defense                  Defense                  Time % Phy DF OF 
 1 Tyson Strachan           Sami Vatanen             50     1   2  2  
 2 Corey Potter             Ryan Murphy              50     1   2  2  

Last Minutes Offensive
   Center                   Left Wing                Right Wing               Defense                  Defense                  
   Saku Koivu               Tomas Fleischmann        Sven Baertschi           Ryan Murphy              Sami Vatanen             

Last Minutes Defensive
   Center                   Left Wing                Right Wing               Defense                  Defense                  
   Johan Larsson            Matt Ellis               Stephane Veilleux        Tyson Strachan           Corey Potter             

Goaltenders
Starting : Tomas Vokoun             
Backup : Eddie Pasquale           

Extra Forwards
Normal : Stephane Veilleux, Max Reinhart, Nikita Kucherov - PP : Sven Baertschi, Tomas Fleischmann - PK : Max Reinhart
Extra Defensemen
Normal : Corey Potter, Ryan Murphy, Tyson Strachan - PP : Corey Potter - PK : Sami Vatanen, Ryan Murphy
Penalty Shots
Nikita Kucherov, Max Reinhart, Sven Baertschi, Tim Jackman, Stephane Veilleux

Admirals NSH

5 vs 5 Forward 
   Center                   Left Wing                Right Wing               Time % Phy DF OF 
 1 Jamie Tardif             Mike Blunden             Adam Cracknell           25     1   2  2  
 2 Brody Sutter             Frazer McLaren           Pierre-Cedric Labrie     25     1   2  2  
 3 Mike Blunden             Brody Sutter             Jamie Tardif             25     1   2  2  
 4 Mike Blunden             Marcel Noebels           Brody Sutter             25     1   2  2  

5 vs 5 Defense 
   Defense                  Defense                                           Time % Phy DF OF 
 1 Fredrik Claesson         Jyrki Jokipakka                                   30     1   2  2  
 2 Patrick Mullen           Nikita Nesterov                                   28     1   2  2  
 3 Fredrik Claesson         Cameron Schilling                                 21     1   2  2  
 4 Fredrik Claesson         Patrick Mullen                                    21     1   2  2  

PowerPlay Forward 
   Center                   Left Wing                Right Wing               Time % Phy DF OF 
 1 Mike Blunden             Frazer McLaren           Adam Cracknell           50     1   2  2  
 2 Brody Sutter             Jamie Tardif             Pierre-Cedric Labrie     50     1   2  2  

PowerPlay Defense
   Defense                  Defense                                           Time % Phy DF OF 
 1 Fredrik Claesson         Jyrki Jokipakka                                   50     1   2  2  
 2 Patrick Mullen           Cameron Schilling                                 50     1   2  2  

Penalty Kill 4 Players Forward 
   Center                   Wing                     Time % Phy DF OF 
 1 Mike Blunden             Jamie Tardif             60     1   2  2  
 2 Frazer McLaren           Brody Sutter             40     1   2  2  

Penalty Kill 4 Players Defense
   Defense                  Defense                  Time % Phy DF OF 
 1 Fredrik Claesson         Cameron Schilling        60     1   2  2  
 2 Patrick Mullen           Jyrki Jokipakka          40     1   2  2  

Penalty Kill - 3 Players Forward 
   Forward                                           Time % Phy DF OF 
 1 Brody Sutter                                      60     1   2  2  
 2 Mike Blunden                                      40     1   2  2  

Penalty Kill - 3 Players Defense
   Defense                  Defense                  Time % Phy DF OF 
 1 Fredrik Claesson         Cameron Schilling        60     1   2  2  
 2 Patrick Mullen           Jyrki Jokipakka          40     1   2  2  

4 vs 4 Forward 
   Center                   Wing                     Time % Phy DF OF 
 1 Jamie Tardif             Mike Blunden             60     1   2  2  
 2 Adam Cracknell           Brody Sutter             40     1   2  2  

4 vs 4 Defense
   Defense                  Defense                  Time % Phy DF OF 
 1 Fredrik Claesson         Jyrki Jokipakka          60     1   2  2  
 2 Patrick Mullen           Cameron Schilling        40     1   2  2  

Last Minutes Offensive
   Center                   Left Wing                Right Wing               Defense                  Defense                  
   Brody Sutter             Mike Blunden             Adam Cracknell           Fredrik Claesson         Jyrki Jokipakka          

Last Minutes Defensive
   Center                   Left Wing                Right Wing               Defense                  Defense                  
   Brody Sutter             Mike Blunden             Adam Cracknell           Fredrik Claesson         Jyrki Jokipakka          

Goaltenders
Starting : Johan Gustafsson         
Backup : Jeremy Smith             

Extra Forwards
Normal : Jamie Tardif, Brody Sutter, Mike Blunden - PP : Jamie Tardif, Brody Sutter - PK : Brody Sutter
Extra Defensemen
Normal : Fredrik Claesson, Cameron Schilling, Patrick Mullen - PP : Fredrik Claesson - PK : Cameron Schilling, Patrick Mullen
Penalty Shots
Pierre-Cedric Labrie, Jamie Tardif, Frazer McLaren, Brody Sutter, Mike Blunden

% Time on Ice - Heat

Lines # - Real PCT - Wanted PCT - Time Play
Normal Forward
1 - 31% - 34% - 15:01
2 - 29% - 30% - 13:57
3 - 21% - 24% - 10:10
4 - 18% - 12% - 8:45
Normal Defense
1 - 36% - 35% - 17:21
2 - 32% - 30% - 15:19
3 - 28% - 25% - 13:14
4 - 4% - 10% - 1:59
PP Forward
1 - 56% - 50% - 5:41
2 - 44% - 50% - 4:27
PP Defense
1 - 57% - 50% - 5:45
2 - 43% - 50% - 4:23
PK Forward
1 - 48% - 50% - 0:57
2 - 52% - 50% - 1:02
PK Defense
1 - 67% - 50% - 1:20
2 - 33% - 50% - 0:39
PK3 Forward
1 - 0% - 50%
2 - 0% - 50%
PK3 Defense
1 - 0% - 50%
2 - 0% - 50%
44 Forward
1 - 0% - 50%
2 - 0% - 50%
44 Defense
1 - 0% - 50%
2 - 0% - 50%
Last Minute Offensive  - 0:00
Last Minute Defensive  - 0:00
Total
Forward - 60:00
Defense - 60:00

% Time on Ice - Admirals NSH

Lines # - Real PCT - Wanted PCT - Time Play
Normal Forward
1 - 20% - 25% - 9:38
2 - 37% - 25% - 17:29
3 - 14% - 25% - 6:33
4 - 30% - 25% - 14:13
Normal Defense
1 - 31% - 30% - 15:02
2 - 39% - 28% - 18:35
3 - 20% - 21% - 9:26
4 - 10% - 21% - 4:50
PP Forward
1 - 54% - 50% - 1:04
2 - 46% - 50% - 0:55
PP Defense
1 - 47% - 50% - 0:56
2 - 53% - 50% - 1:03
PK Forward
1 - 83% - 60% - 8:23
2 - 17% - 40% - 1:45
PK Defense
1 - 57% - 60% - 5:44
2 - 43% - 40% - 4:24
PK3 Forward
1 - 0% - 60%
2 - 0% - 40%
PK3 Defense
1 - 0% - 60%
2 - 0% - 40%
44 Forward
1 - 0% - 60%
2 - 0% - 40%
44 Defense
1 - 0% - 60%
2 - 0% - 40%
Last Minute Offensive  - 0:00
Last Minute Defensive  - 0:00
Total
Forward - 60:00
Defense - 60:00

Play by Play

1st period


0:01 of 1st period - Jamie Tardif wins face-off versus Saku Koivu in neutral zone.
0:24 of 1st period - Slapshot by Sven Baertschi.
0:24 of 1st period - Shot Misses the Net.
0:26 of 1st period - Slapshot by Sami Vatanen.
0:26 of 1st period - Shot Blocked by Mike Blunden.
0:28 of 1st period - Wrist shot by Saku Koivu.
0:28 of 1st period - Stopped by Johan Gustafsson with a rebound.
0:30 of 1st period - Slapshot by Corey Potter.
0:30 of 1st period - Shot Misses the Net.
1:18 of 1st period - J.T. Miller is hit by Fredrik Claesson and loses puck.
2:29 of 1st period - Snap shot by Matt Ellis.
2:29 of 1st period - Stopped by Johan Gustafsson with a rebound.
2:31 of 1st period - Snap shot by Eric Boulton.
2:31 of 1st period - Stopped by Johan Gustafsson with a rebound.
2:39 of 1st period - Sami Vatanen is hit by Adam Cracknell and loses puck.
4:09 of 1st period - Matt Carkner is hit by Marcel Noebels and loses puck.
4:41 of 1st period - Tyson Strachan is hit by Mike Blunden and loses puck.
5:06 of 1st period - Slapshot by Tim Jackman.
5:06 of 1st period - Stopped by Johan Gustafsson without a rebound.
5:07 of 1st period - Matt Ellis wins face-off versus Brody Sutter in Admirals NSH zone.
7:23 of 1st period - Icing by Corey Potter.
7:24 of 1st period - Mike Blunden wins face-off versus Johan Larsson in Heat zone.
7:41 of 1st period - Minor Penalty to Cameron Schilling for Charging.
7:42 of 1st period - Saku Koivu wins face-off versus Mike Blunden in Admirals NSH zone.
8:09 of 1st period - Snap shot by Ryan Murphy.
8:09 of 1st period - Stopped by Johan Gustafsson with a rebound.
8:35 of 1st period - Patrick Mullen is hit by Johan Larsson and loses puck.
8:57 of 1st period - Wrist shot by Sami Vatanen.
8:57 of 1st period - Deflect By Sven Baertschi.
8:57 of 1st period - Shot Blocked by Jyrki Jokipakka.
8:57 of 1st period - Puck is out of play.
8:58 of 1st period - Saku Koivu wins face-off versus Frazer McLaren in Admirals NSH zone.
9:23 of 1st period - Snap shot by Saku Koivu.
9:23 of 1st period - Deflect By Sven Baertschi.
9:23 of 1st period - Goal by Sven Baertschi - Heat : 1 - Admirals NSH : 0.
9:24 of 1st period - Brody Sutter wins face-off versus Max Reinhart in neutral zone.
9:31 of 1st period - Snap shot by Pierre-Cedric Labrie.
9:31 of 1st period - Shot Misses the Net.
12:31 of 1st period - Marcel Noebels is hit by Tyson Strachan and loses puck.
13:02 of 1st period - Wrist shot by J.T. Miller.
13:02 of 1st period - Shot Misses the Net.
13:13 of 1st period - Icing by Pierre-Cedric Labrie.
13:14 of 1st period - Johan Larsson wins face-off versus Wade Megan in Admirals NSH zone.
13:41 of 1st period - Corey Potter is hit by Brody Sutter and loses puck.
13:54 of 1st period - Jamie Tardif is hit by Eric Boulton and loses puck.
14:34 of 1st period - Adam Cracknell is hit by Sven Baertschi and loses puck.
14:39 of 1st period - Slapshot by Tomas Fleischmann.
14:39 of 1st period - Stopped by Johan Gustafsson with a rebound.
14:55 of 1st period - Wrist shot by Radek Dvorak.
14:55 of 1st period - Stopped by Johan Gustafsson without a rebound.
14:56 of 1st period - Wade Megan wins face-off versus Max Reinhart in Admirals NSH zone.
14:56 of 1st period - Wade Megan is hit by Stephane Veilleux.
15:20 of 1st period - Minor Penalty to Pierre-Cedric Labrie for High sticking.
15:21 of 1st period - Mike Blunden wins face-off versus Nikita Kucherov in Admirals NSH zone.
16:13 of 1st period - Frazer McLaren is hit by Sami Vatanen.
16:17 of 1st period - Slapshot by Patrick Mullen.
16:17 of 1st period - Stopped by Tomas Vokoun with a rebound.
16:50 of 1st period - Cameron Schilling is hit by Nikita Kucherov and loses puck.
17:01 of 1st period - Patrick Mullen is hit by Johan Larsson and loses puck.
17:20 of 1st period - Penalty to Pierre-Cedric Labrie is over, Pierre-Cedric Labrie is back on ice.
17:53 of 1st period - Snap shot by Tyson Strachan.
17:53 of 1st period - Deflect By Max Reinhart.
17:53 of 1st period - Stopped by Johan Gustafsson without a rebound.
17:54 of 1st period - Mike Blunden wins face-off versus Matt Ellis in Admirals NSH zone.
19:05 of 1st period - Nikita Nesterov is hit by Matt Carkner and loses puck.
19:18 of 1st period - Off-side.
19:19 of 1st period - Johan Larsson wins face-off versus Jamie Tardif in neutral zone.
19:26 of 1st period - Slapshot by Ryan Murphy.
19:26 of 1st period - Shot Misses the Net.
19:28 of 1st period - Slapshot by Tyson Strachan.
19:28 of 1st period - Shot Blocked by Nikita Nesterov.
19:30 of 1st period - Snap shot by Johan Larsson.
19:30 of 1st period - Goal by Johan Larsson - Heat : 2 - Admirals NSH : 0.
19:31 of 1st period - Saku Koivu wins face-off versus Mike Blunden in neutral zone.
Goals for this period are 2 for Heat vs 0 for Admirals NSH.
Shots for this period are 10 for Heat vs 1 for Admirals NSH.

2nd period


0:01 of 2nd period - Saku Koivu wins face-off versus Brody Sutter in neutral zone.
0:13 of 2nd period - Slapshot by Jamie Tardif.
0:13 of 2nd period - Stopped by Tomas Vokoun without a rebound.
0:14 of 2nd period - Mike Blunden wins face-off versus Saku Koivu in Heat zone.
0:19 of 2nd period - Snap shot by Jamie Tardif.
0:19 of 2nd period - Stopped by Tomas Vokoun with a rebound.
0:53 of 2nd period - Corey Potter is hit by Brody Sutter.
1:05 of 2nd period - Johan Larsson is hit by Frazer McLaren and loses puck.
1:12 of 2nd period - Wrist shot by Frazer McLaren.
1:12 of 2nd period - Deflect By Pierre-Cedric Labrie.
1:12 of 2nd period - Shot Blocked by Corey Potter.
1:12 of 2nd period - Puck is out of play.
1:13 of 2nd period - Johan Larsson wins face-off versus Brody Sutter in Heat zone.
1:13 of 2nd period - Johan Larsson is hit by Frazer McLaren.
1:16 of 2nd period - Minor Penalty to Tyson Strachan for Hooking.
1:17 of 2nd period - Mike Blunden wins face-off versus Max Reinhart in Heat zone.
1:38 of 2nd period - Slapshot by Sami Vatanen.
1:38 of 2nd period - Shot Misses the Net.
2:06 of 2nd period - Backhand shot by Radek Dvorak.
2:06 of 2nd period - Shot Misses the Net.
3:10 of 2nd period - Ryan Murphy is hit by Brody Sutter and loses puck.
3:16 of 2nd period - Penalty to Tyson Strachan is over, Tyson Strachan is back on ice.
3:31 of 2nd period - Matt Carkner is hit by Mike Blunden.
3:46 of 2nd period - Slapshot by Nikita Nesterov.
3:46 of 2nd period - Deflect By Adam Cracknell.
3:46 of 2nd period - Shot Blocked by Matt Carkner.
3:46 of 2nd period - Puck is out of play.
3:47 of 2nd period - Brody Sutter wins face-off versus Nikita Kucherov in Heat zone.
4:52 of 2nd period - Wrist shot by Saku Koivu.
4:52 of 2nd period - Stopped by Johan Gustafsson without a rebound.
4:53 of 2nd period - Matt Ellis wins face-off versus Farm Player70 in Admirals NSH zone.
4:56 of 2nd period - Snap shot by Tim Jackman.
4:56 of 2nd period - Stopped by Johan Gustafsson with a rebound.
5:46 of 2nd period - Wrist shot by Adam Cracknell.
5:46 of 2nd period - Stopped by Tomas Vokoun with a rebound.
6:06 of 2nd period - Snap shot by Patrick Mullen.
6:06 of 2nd period - Shot Blocked by Tomas Fleischmann.
6:24 of 2nd period - Slapshot by Pierre-Cedric Labrie.
6:24 of 2nd period - Stopped by Tomas Vokoun with a rebound.
6:26 of 2nd period - Slapshot by Fredrik Claesson.
6:26 of 2nd period - Shot Misses the Net.
6:28 of 2nd period - Snap shot by Pierre-Cedric Labrie.
6:28 of 2nd period - Stopped by Tomas Vokoun without a rebound.
6:29 of 2nd period - Brody Sutter wins face-off versus Johan Larsson in Heat zone.
6:46 of 2nd period - Snap shot by Mike Blunden.
6:46 of 2nd period - Stopped by Tomas Vokoun with a rebound.
6:48 of 2nd period - Snap shot by Fredrik Claesson.
6:48 of 2nd period - Deflect By J.T. Miller.
6:48 of 2nd period - Stopped by Tomas Vokoun with a rebound.
6:50 of 2nd period - Slapshot by Fredrik Claesson.
6:50 of 2nd period - Shot Blocked by Matt Carkner.
6:52 of 2nd period - Snap shot by Adam Cracknell.
6:52 of 2nd period - Stopped by Tomas Vokoun with a rebound.
7:50 of 2nd period - Wrist shot by Max Reinhart.
7:50 of 2nd period - Shot Misses the Net.
7:56 of 2nd period - Snap shot by Radek Dvorak.
7:56 of 2nd period - Shot Blocked by Patrick Mullen.
7:58 of 2nd period - Slapshot by Stephane Veilleux.
7:58 of 2nd period - Goal by Stephane Veilleux - Heat : 3 - Admirals NSH : 0.
7:59 of 2nd period - Saku Koivu wins face-off versus Mike Blunden in neutral zone.
8:12 of 2nd period - Snap shot by Tomas Fleischmann.
8:12 of 2nd period - Shot Blocked by Patrick Mullen.
8:14 of 2nd period - Slapshot by Saku Koivu.
8:14 of 2nd period - Stopped by Johan Gustafsson with a rebound.
8:16 of 2nd period - Slapshot by Tyson Strachan.
8:16 of 2nd period - Deflect By Mike Blunden.
8:16 of 2nd period - Stopped by Johan Gustafsson with a rebound.
8:26 of 2nd period - Slapshot by Tomas Fleischmann.
8:26 of 2nd period - Goal by Tomas Fleischmann - Heat : 4 - Admirals NSH : 0.
8:26 of 2nd period - Jeremy Smith enters game.
8:27 of 2nd period - Johan Larsson wins face-off versus Brody Sutter in neutral zone.
8:30 of 2nd period - Snap shot by Nikita Kucherov.
8:30 of 2nd period - Shot Blocked by Fredrik Claesson.
9:20 of 2nd period - Sami Vatanen is hit by Jyrki Jokipakka and loses puck.
10:01 of 2nd period - Slapshot by Adam Cracknell.
10:01 of 2nd period - Shot Misses the Net.
10:03 of 2nd period - Wrist shot by Mike Blunden.
10:03 of 2nd period - Shot Misses the Net.
10:05 of 2nd period - Snap shot by Jamie Tardif.
10:05 of 2nd period - Stopped by Tomas Vokoun with a rebound.
10:23 of 2nd period - Slapshot by Adam Cracknell.
10:23 of 2nd period - Shot Misses the Net.
11:25 of 2nd period - Slapshot by Ryan Murphy.
11:25 of 2nd period - Shot Misses the Net.
11:27 of 2nd period - Slapshot by Ryan Murphy.
11:27 of 2nd period - Stopped by Jeremy Smith without a rebound.
11:28 of 2nd period - Adam Cracknell wins face-off versus Johan Larsson in Admirals NSH zone.
11:43 of 2nd period - Snap shot by Frazer McLaren.
11:43 of 2nd period - Deflect By Pierre-Cedric Labrie.
11:43 of 2nd period - Shot Blocked by Tyson Strachan.
11:43 of 2nd period - Puck is out of play.
11:44 of 2nd period - Pierre-Cedric Labrie wins face-off versus J.T. Miller in Heat zone.
12:31 of 2nd period - Pierre-Cedric Labrie is hit by Max Reinhart and loses puck.
13:05 of 2nd period - Max Reinhart is hit by Jamie Tardif and loses puck.
13:34 of 2nd period - Wrist shot by Saku Koivu.
13:34 of 2nd period - Stopped by Jeremy Smith with a rebound.
13:44 of 2nd period - Snap shot by Saku Koivu.
13:44 of 2nd period - Shot Misses the Net.
13:46 of 2nd period - Wrist shot by Saku Koivu.
13:46 of 2nd period - Goal by Saku Koivu - Heat : 5 - Admirals NSH : 0.
13:47 of 2nd period - Johan Larsson wins face-off versus Brody Sutter in neutral zone.
13:50 of 2nd period - Snap shot by J.T. Miller.
13:50 of 2nd period - Stopped by Jeremy Smith with a rebound.
13:52 of 2nd period - Wrist shot by Johan Larsson.
13:52 of 2nd period - Shot Misses the Net.
14:30 of 2nd period - Minor Penalty to Nikita Nesterov for Holding.
14:31 of 2nd period - Jamie Tardif wins face-off versus Saku Koivu in Admirals NSH zone.
14:55 of 2nd period - Icing by Corey Potter.
14:56 of 2nd period - Adam Cracknell wins face-off versus Saku Koivu in Heat zone.
15:43 of 2nd period - Nikita Kucherov is hit by Patrick Mullen and loses puck.
16:30 of 2nd period - Penalty to Nikita Nesterov is over, Nikita Nesterov is back on ice.
16:46 of 2nd period - Slapshot by Sami Vatanen.
16:46 of 2nd period - Shot Misses the Net.
17:42 of 2nd period - Snap shot by Tim Jackman.
17:42 of 2nd period - Stopped by Jeremy Smith with a rebound.
19:00 of 2nd period - Nikita Nesterov is hit by Mike Komisarek and loses puck.
19:07 of 2nd period - Slapshot by Patrick Mullen.
19:07 of 2nd period - Shot Misses the Net.
19:09 of 2nd period - Wrist shot by Wade Megan.
19:09 of 2nd period - Stopped by Tomas Vokoun without a rebound.
19:10 of 2nd period - Wade Megan wins face-off versus Tim Jackman in Heat zone.
Goals for this period are 3 for Heat vs 0 for Admirals NSH.
Shots for this period are 11 for Heat vs 10 for Admirals NSH.

3rd period


0:01 of 3rd period - Mike Blunden wins face-off versus Saku Koivu in neutral zone.
0:24 of 3rd period - Snap shot by Jamie Tardif.
0:24 of 3rd period - Shot Blocked by Tomas Fleischmann.
0:57 of 3rd period - Brody Sutter is hit by J.T. Miller and loses puck.
1:24 of 3rd period - Minor Penalty to Frazer McLaren for Hooking.
1:25 of 3rd period - Saku Koivu wins face-off versus Mike Blunden in Admirals NSH zone.
1:56 of 3rd period - Patrick Mullen is hit by Corey Potter and loses puck.
2:17 of 3rd period - Snap shot by Johan Larsson.
2:17 of 3rd period - Shot Misses the Net.
2:19 of 3rd period - Slapshot by Tyson Strachan.
2:19 of 3rd period - Stopped by Jeremy Smith without a rebound.
2:20 of 3rd period - Mike Blunden wins face-off versus Johan Larsson in Admirals NSH zone.
3:11 of 3rd period - Tyson Strachan is hit by Brody Sutter and loses puck.
3:24 of 3rd period - Penalty to Frazer McLaren is over, Frazer McLaren is back on ice.
3:52 of 3rd period - Slapshot by Sami Vatanen.
3:52 of 3rd period - Shot Blocked by Adam Cracknell.
3:54 of 3rd period - Slapshot by Sami Vatanen.
3:54 of 3rd period - Shot Blocked by Patrick Mullen.
3:59 of 3rd period - Minor Penalty to Frazer McLaren for Roughing.
4:00 of 3rd period - Mike Blunden wins face-off versus Saku Koivu in Admirals NSH zone.
4:06 of 3rd period - Slapshot by Mike Blunden.
4:06 of 3rd period - Stopped by Tomas Vokoun with a rebound.
4:16 of 3rd period - Snap shot by Sami Vatanen.
4:16 of 3rd period - Stopped by Jeremy Smith with a rebound.
4:18 of 3rd period - Wrist shot by Tomas Fleischmann.
4:18 of 3rd period - Deflect By Sven Baertschi.
4:18 of 3rd period - Stopped by Jeremy Smith with a rebound.
4:59 of 3rd period - Icing by Ryan Murphy.
5:00 of 3rd period - Saku Koivu wins face-off versus Adam Cracknell in Heat zone.
5:07 of 3rd period - Snap shot by Saku Koivu.
5:07 of 3rd period - Shot Misses the Net.
5:09 of 3rd period - Slapshot by Tyson Strachan.
5:09 of 3rd period - Stopped by Jeremy Smith with a rebound.
5:59 of 3rd period - Penalty to Frazer McLaren is over, Frazer McLaren is back on ice.
6:27 of 3rd period - Radek Dvorak is hit by Frazer McLaren and loses puck.
6:55 of 3rd period - Off-side.
6:56 of 3rd period - Brody Sutter wins face-off versus Matt Ellis in neutral zone.
7:20 of 3rd period - Snap shot by Tim Jackman.
7:20 of 3rd period - Shot Misses the Net.
7:22 of 3rd period - Slapshot by Matt Ellis.
7:22 of 3rd period - Shot Blocked by Cameron Schilling.
7:24 of 3rd period - Snap shot by Matt Ellis.
7:24 of 3rd period - Stopped by Jeremy Smith with a rebound.
8:08 of 3rd period - Adam Cracknell is hit by Ryan Murphy and loses puck.
8:31 of 3rd period - Snap shot by Matt Ellis.
8:31 of 3rd period - Shot Misses the Net.
8:56 of 3rd period - Off-side.
8:57 of 3rd period - Johan Larsson wins face-off versus Farm Player70 in neutral zone.
9:00 of 3rd period - Pierre-Cedric Labrie is hit by Johan Larsson and loses puck.
9:07 of 3rd period - Nikita Kucherov is hit by Fredrik Claesson and loses puck.
9:22 of 3rd period - Radek Dvorak is hit by Farm Player70 and loses puck.
10:14 of 3rd period - Nikita Nesterov is hit by Saku Koivu and loses puck.
10:33 of 3rd period - Sami Vatanen is hit by Jamie Tardif and loses puck.
12:01 of 3rd period - Icing by Adam Cracknell.
12:02 of 3rd period - Adam Cracknell wins face-off versus Saku Koivu in Admirals NSH zone.
12:37 of 3rd period - Slapshot by Ryan Murphy.
12:37 of 3rd period - Deflect By Tim Jackman.
12:37 of 3rd period - Shot Misses the Net.
12:37 of 3rd period - Puck is out of play.
12:38 of 3rd period - Mike Blunden wins face-off versus Johan Larsson in Admirals NSH zone.
12:40 of 3rd period - Minor Penalty to Mike Blunden for High sticking.
12:41 of 3rd period - Brody Sutter wins face-off versus Johan Larsson in Admirals NSH zone.
13:05 of 3rd period - Snap shot by Nikita Kucherov.
13:05 of 3rd period - Goal by Nikita Kucherov - Heat : 6 - Admirals NSH : 0.
13:06 of 3rd period - Brody Sutter wins face-off versus Saku Koivu in neutral zone.
14:21 of 3rd period - Tyson Strachan is hit by Pierre-Cedric Labrie and loses puck.
14:30 of 3rd period - Nikita Kucherov is hit by Brody Sutter and loses puck.
14:31 of 3rd period - Nikita Kucherov from Heat is injured at 14:31 of 3rd period (Right Hip).
14:32 of 3rd period - Jamie Tardif wins face-off versus Saku Koivu in Heat zone.
14:35 of 3rd period - Snap shot by Jamie Tardif.
14:35 of 3rd period - Shot Blocked by Saku Koivu.
15:10 of 3rd period - Minor Penalty to Fredrik Claesson for Interference.
15:11 of 3rd period - Johan Larsson wins face-off versus Mike Blunden in Admirals NSH zone.
15:11 of 3rd period - Snap shot by Ryan Murphy.
15:11 of 3rd period - Shot Blocked by Mike Blunden.
15:13 of 3rd period - Snap shot by J.T. Miller.
15:13 of 3rd period - Shot Misses the Net.
15:15 of 3rd period - Snap shot by Tyson Strachan.
15:15 of 3rd period - Deflect By Mike Blunden.
15:15 of 3rd period - Goal by Tyson Strachan - Heat : 7 - Admirals NSH : 0.
15:16 of 3rd period - Brody Sutter wins face-off versus Johan Larsson in neutral zone.
16:14 of 3rd period - Tomas Fleischmann is hit by Pierre-Cedric Labrie.
16:20 of 3rd period - Tomas Fleischmann is hit by Pierre-Cedric Labrie and loses puck.
16:45 of 3rd period - Wrist shot by Mike Blunden.
16:45 of 3rd period - Shot Misses the Net.
17:08 of 3rd period - Tim Jackman beats up Frazer McLaren.
17:08 of 3rd period - Penalty to Frazer McLaren for Fighting.
17:08 of 3rd period - Penalty to Tim Jackman for Fighting.
17:09 of 3rd period - Jamie Tardif wins face-off versus J.T. Miller in Admirals NSH zone.
17:18 of 3rd period - Johan Larsson is hit by Adam Cracknell and loses puck.
17:49 of 3rd period - Stephane Veilleux is hit by Pierre-Cedric Labrie and loses puck.
18:22 of 3rd period - Jyrki Jokipakka is hit by Max Reinhart and loses puck.
Goals for this period are 2 for Heat vs 0 for Admirals NSH.
Shots for this period are 7 for Heat vs 1 for Admirals NSH.


Output by the SimonT Hockey Simulator (STHS) for Eric Dolegowski -- Original Page W3C XHTML 1.0 Valid
Hockey Simulator - Hockey Simulation - Hockey Manager